 Dungeon Crawl Stone Soup version 0.28.0-53-g5a82cb258f (webtiles) character file.

Game seed: 8099540840406838665

123 Plasmagod the Grave Robber (level 4, -4/24 HPs)
             Began as a Deep Elf Necromancer on July 20, 2022.
             Killed by nerve-wracking pain
             ... invoked by an orc priest
              (10 damage)
             ... on level 3 of the Dungeon.
             The game lasted 00:04:54 (3311 turns).

Plasmagod the Grave Robber (Deep Elf Necromancer)   Turns: 3311, Time: 00:04:54

Health: -4/24      AC:  4    Str:  5    XL:     4   Next: 80%
Magic:  2/12       EV: 11    Int: 22    God:
Gold:   82         SH:  0    Dex: 15    Spells: 11/12 levels left

rFire   . . .      SeeInvis .   c - +0 short sword
rCold   . . .      Faith    .   (no shield)
rNeg    . . .      Spirit   .   o - +0 leather armour
rPois   .          Reflect  .   (no helmet)
rElec   .          Harm     .   (no cloak)
rCorr   .          Rampage  .   (no gloves)
Will    .....                   h - +0 pair of boots
Stlth   ++........              (no amulet)
HPRegen 0.08/turn               (no ring)
MPRegen 0.13/turn               (no ring)

@: no status effects
A: no striking features
a: no special abilities


You were on level 3 of the Dungeon.
You visited 1 branch of the dungeon, and saw 3 of its levels.

You collected 82 gold pieces.

Inventory:

Hand Weapons
 c - a +0 short sword (weapon)
Missiles
 n - 2 throwing nets
Armour
 a - a +0 robe
 h - a +0 pair of boots (worn)
 o - a +0 leather armour (worn)
Jewellery
 j - a ring of ice
Scrolls
 b - a scroll of amnesia {unknown}
 e - a scroll of silence {unknown}
 f - 3 scrolls of teleportation {unknown}
 g - a scroll of fog {unknown}
 i - a scroll of blinking {unknown}
 k - a scroll of fear {unknown}
 l - a scroll of identify {unknown}
 m - a scroll of noise {unknown}
Potions
 d - a potion of attraction {unknown}


   Skills:
 + Level 0.5 Short Blades
 + Level 0.2 Armour
 + Level 2.4 Dodging
 + Level 2.5 Stealth
 + Level 4.8 Spellcasting
 * Level 0.7 Hexes
 + Level 6.2 Necromancy


You had 11 spell levels left.
You knew the following spells:

 Your Spells              Type           Power      Damage    Failure   Level
a - Pain                  Necr           100%       1d9       1%          1

Your spell library contained the following spells:

 Spells                   Type           Power      Damage    Failure   Level
 Animate Skeleton         Necr           64%        N/A       1%          1
 Vampiric Draining        Necr           32%        2d8       4%          3
 Animate Dead             Necr           16%        N/A       13%         4
 Agony                    Necr           32%        N/A       36%         5
 Gell's Gravitas          Tloc           5%         N/A       45%         3
 Lesser Beckoning         Tloc           5%         N/A       45%         3
 Teleport Other           Tloc           5%         N/A       45%         3


Dungeon Overview and Level Annotations

Branches:
Dungeon (3/15)

Altars:
Gozag


Message History

Aim: an orc, wielding a +0 club (chance to affect: 93%)
The orc writhes in agony.
Aiming: Pain (safe; 1% risk of failure)
Press: ? - help, Q - select action, (/) - cycle Shift-Dir - straight line, f/p - orc
Aim: an orc, wielding a +0 club (lightly wounded, chance to affect: 93%)
The orc writhes in agony.
The orc priest casts a cantrip, but nothing happens.
Aiming: Pain (safe; 1% risk of failure)
Press: ? - help, Q - select action, (/) - cycle Shift-Dir - straight line, f/p - orc
Aim: an orc, wielding a +0 club (heavily wounded, chance to affect: 93%)
The orc barely resists.
The orc hits you with a +0 club.
Aiming: Pain (safe; 1% risk of failure)
Press: ? - help, Q - select action, (/) - cycle Shift-Dir - straight line, f/p - orc
Aim: an orc, wielding a +0 club (heavily wounded, chance to affect: 93%)
The orc writhes in agony.
You kill the orc!
Aiming: Pain (safe; 1% risk of failure)
Press: ? - help, Q - select action, (/) - cycle Shift-Dir - straight line, f - orc priest
Aim: an orc priest, wielding a +0 morningstar (chance to affect: 83%)
The orc priest writhes in agony.
Aiming: Pain (safe; 1% risk of failure)
Press: ? - help, Q - select action, (/) - cycle Shift-Dir - straight line, f/p - orc priest
Aim: an orc priest, wielding a +0 morningstar (moderately wounded, chance to affect: 83%)
The orc priest writhes in agony.
The orc priest hits you but does no damage.
Aiming: Pain (safe; 1% risk of failure)
Press: ? - help, Q - select action, (/) - cycle Shift-Dir - straight line, f/p - orc priest
Aim: an orc priest, wielding a +0 morningstar (heavily wounded, chance to affect: 83%)
The orc priest barely resists.
The orc priest mumbles some strange prayers to Beogh against you.
Beogh smites you!
* * * LOW HITPOINT WARNING * * *
Aiming: Pain (safe; 1% risk of failure)
Press: ? - help, Q - select action, (/) - cycle Shift-Dir - straight line, f/p - orc priest
Aim: an orc priest, wielding a +0 morningstar (heavily wounded, chance to affect: 83%)
The orc priest writhes in agony.
The orc priest mumbles some strange prayers to Beogh against you.
Pain shoots through your body!
You die...

#........##
#.#######.#
...#รท# #.#.#
#...# #.#.###
...#...#####
#####.......#
.........@..#
..###.....o......
...............
######....)....
#.........
#.........
#.........
.....>....


You could see an orc priest.

Vanquished Creatures
  Natasha (D:3)
  2 adders
  A dart slug (D:1)
  2 orcs (D:3)
  8 endoplasms
  4 giant cockroaches
  9 goblins
  3 hobgoblins
  12 jackals (D:2)
  10 kobolds
  3 quokkas
  3 ball pythons
  3 bats
  A frilled lizard (D:2)
  5 rats
67 creatures vanquished.

Vanquished Creatures (others)
  2 plants (D:2)
2 creatures vanquished.

Grand Total: 69 creatures vanquished

Notes
Turn   | Place    | Note
-------+----------+-------------------------------------------
     0 | D:1      | Plasmagod the Deep Elf Necromancer began the quest for the
                  | Orb.
     0 | D:1      | Reached XP level 1. HP: 10/10 MP: 6/6
    14 | D:1      | Reached skill level 5 in Necromancy
   375 | D:1      | Reached XP level 2. HP: 12/15 MP: 5/8
   872 | D:1      | Found a faded altar of an unknown god.
  1334 | D:1      | Reached XP level 3. HP: 16/19 MP: 7/10
  1812 | D:2      | Found an opulent altar of Gozag.
  2397 | D:2      | Reached XP level 4. HP: 22/24 MP: 9/12
  3066 | D:3      | Noticed Natasha
  3068 | D:3      | Reached skill level 6 in Necromancy
  3071 | D:3      | Killed Natasha
  3311 | D:3      | Killed from afar by an orc priest

Illustrated notes

Levels and vault maps discovered:
D:1:      mrwooster_arrival_statue_2, layout_loops_corners,
          hellmonk_ecumenical_altar_pennies_from_heaven, minmay_pentomino_x4
D:2:      layout_basic, basic_altar, lexackson_kobold_supper
D:3:      minmay_razor_zed, layout_basic, mainiacjoe_overflow_alcove_3,
          gammafunk_ghost_stat_death, minmay_checkerbox, uniq_natasha

Skill      XL: |  1  2  3  4 |
---------------+-------------+-----
Necromancy     | 5 6 |  6.2
Spellcasting   | 4 |  4.8
Short Blades   | |  0.5
Armour         | |  0.2
Dodging        | |  2.4
Stealth        | |  2.5
Hexes          | |  0.7

Action                   |  1- 3 |  4- 6 || total
-------------------------+-------+-------++-------
Melee: Short sword       |     4 |       ||     4
 Cast: Pain              |    78 |    39 ||   117
Armor: Robe              |     1 |     1 ||     2
       Leather armour    |       |     1 ||     1
Dodge: Dodged            |     6 |     7 ||    13
